General information
- name: BNet
- type: Ladder team game (AT/RT)
- host: Battle.net
- saver: oyvey
map: Mur'gulOasis
- players: 8
- length: 36:34
- speed: Fast
- version: 1.26 W3XP
- replay type: Public
» download(217 KB)
Players
team 1 (winner)
beerman (
blue | 26 APM | 834 actions | 32:11)
10 Crypt Lord
3 Carrion Beetles
3 Impale
1 Locust Swarm
3 Spiked Carapace
» actions
| Basic commands | 43 | |
| Build / train | 60 | |
| Enter build submenu | 27 | |
| Enter hero's abilities submenu | 10 | |
| Give item / drop item | 1 | |
| Right click | 404 | |
| Select / deselect | 242 | |
| Use ability | 47 | |
834 total
» units
| Acolyte | 12 | |
| Ghoul | 4 | |
| Crypt Fiend | 15 | |
| Obsidian Statue | 2 | |
| Frost Wyrm | 6 | |
39 total
» upgrades
| Creature Attack | 2 | |
| Web | 1 | |
| Creature Carapace | 1 | |
| Freezing Breath | 1 | |
5 total
» buildings
| Graveyard | 1 | |
| Crypt | 2 | |
| Ziggurat | 12 | |
| Altar of Darkness | 1 | |
| Spirit Tower | 3 | |
| Halls of the Dead | 1 | |
| Tomb of Relics | 1 | |
| Black Citadel | 1 | |
| Slaughterhouse | 1 | |
| Sacrificial Pit | 1 | |
| Boneyard | 3 | |
27 total
» build order
00:15 Graveyard
00:23 Crypt
00:44 Ziggurat
01:05 Altar of Darkness
01:19 Ziggurat
01:52 Crypt
02:21 Ziggurat
02:54 Spirit Tower
04:02 Ziggurat
05:34 Halls of the Dead
06:32 Tomb of Relics
07:56 Black Citadel
08:04 Slaughterhouse
08:18 Ziggurat
09:52 Sacrificial Pit
11:05 Boneyard
11:08 Boneyard
11:11 Boneyard
15:08 Ziggurat
15:13 Ziggurat
19:45 Ziggurat
19:48 Ziggurat
19:52 Ziggurat
21:50 Ziggurat
21:54 Ziggurat
23:05 Spirit Tower
23:06 Spirit Tower

»
Yeah13uddy (
yellow | 34 APM | 1233 actions | 36:32)
9 Demon Hunter
2 Immolation
3 Mana Burn
3 Evasion
1 Metamorphosis
» actions
| Basic commands | 31 | |
| Build / train | 75 | |
| Enter build submenu | 14 | |
| Enter hero's abilities submenu | 9 | |
| Give item / drop item | 2 | |
| Right click | 596 | |
| Select / deselect | 450 | |
| Use ability | 56 | |
1233 total
» units
| Wisp | 10 | |
| Hippogryph | 27 | |
| Chimaera | 13 | |
50 total
» upgrades
| Strength of the Wild | 3 | |
| Reinforced Hides | 3 | |
| Corrosive Breath | 1 | |
7 total
» buildings
| Moon Well | 6 | |
| Hunter's Hall | 1 | |
| Altar of Elders | 1 | |
| Tree of Ages | 1 | |
| Tree of Eternity | 1 | |
| Ancient of Wind | 1 | |
| Chimaera Roost | 3 | |
| Ancient of Wonders | 1 | |
| Tree of Life | 1 | |
16 total
» build order
00:10 Moon Well
00:15 Hunter's Hall
01:02 Altar of Elders
02:11 Tree of Ages
02:21 Moon Well
03:04 Moon Well
04:39 Tree of Eternity
04:45 Ancient of Wind
06:51 Moon Well
07:03 Chimaera Roost
07:07 Chimaera Roost
07:14 Chimaera Roost
07:27 Ancient of Wonders
11:17 Moon Well
11:44 Moon Well
21:32 Tree of Life
» items
| Boots of Speed | 1 | |
| Staff of Teleportation | 1 | |
| Orb of Venom | 1 | |
| Scroll of Town Portal | 2 | |
| Dust of Appearance | 1 | |
6 total
TOWER-GOD (
orange | 59 APM | 1220 actions | 20:41)
3 Blademaster
2 Wind Walk
1 Critical Strike
» actions
| Assign group hotkey | 37 | |
| Basic commands | 55 | |
| Build / train | 42 | |
| Enter build submenu | 18 | |
| Enter hero's abilities submenu | 5 | |
| Give item / drop item | 1 | |
| Right click | 419 | |
| Select / deselect | 176 | |
| Select group hotkey | 415 | |
| Use ability | 52 | |
1220 total
» units
» upgrades
| Ranged Weapons | 1 | |
| Armor | 1 | |
| Reinforced Defenses | 1 | |
| Envenomed Spears | 1 | |
4 total
» buildings
| Altar of Storms | 1 | |
| Orc Burrow | 6 | |
| War Mill | 1 | |
| Watch Tower | 9 | |
| Voodoo Lounge | 1 | |
| Stronghold | 4 | |
| Beastiary | 3 | |
| Fortress | 1 | |
26 total
» build order
00:07 Altar of Storms
00:14 Orc Burrow
00:41 War Mill
01:26 Orc Burrow
01:56 Watch Tower
02:20 Watch Tower
02:31 Voodoo Lounge
02:59 Watch Tower
03:02 Watch Tower
03:06 Watch Tower
03:53 Stronghold
03:54 Stronghold
03:54 Stronghold
04:14 Orc Burrow
04:16 Orc Burrow
04:58 Watch Tower
04:59 Watch Tower
05:00 Watch Tower
05:00 Watch Tower
06:32 Beastiary
06:34 Beastiary
06:44 Fortress
07:08 Beastiary
11:08 Orc Burrow
11:09 Orc Burrow
» items
| Staff of Teleportation | 1 | |
| Healing Salve | 1 | |
2 total
oyvey (
red | 105 APM | 3836 actions | 36:34)
8 Blademaster
3 Wind Walk
3 Critical Strike
1 Bladestorm
1 Mirror Image
» actions
| Assign group hotkey | 320 | |
| Basic commands | 196 | |
| Build / train | 66 | |
| Enter build submenu | 40 | |
| Enter hero's abilities submenu | 9 | |
| Give item / drop item | 5 | |
| Remove unit from queue | 1 | |
| Right click | 1596 | |
| Select / deselect | 355 | |
| Select group hotkey | 1090 | |
| Use ability | 158 | |
3836 total
» units
| Peon | 12 | |
| Grunt | 4 | |
| Wind Rider | 9 | |
| Troll Batrider | 5 | |
| Troll Witch Doctor | 2 | |
32 total
» upgrades
| Ranged Weapons | 3 | |
| Armor | 3 | |
| Reinforced Defenses | 1 | |
7 total
» buildings
| Orc Burrow | 5 | |
| Altar of Storms | 1 | |
| Barracks | 1 | |
| Voodoo Lounge | 1 | |
| War Mill | 2 | |
| Stronghold | 1 | |
| Watch Tower | 23 | |
| Beastiary | 3 | |
| Fortress | 1 | |
| Great Hall | 2 | |
| Spirit Lodge | 1 | |
41 total
» build order
00:15 Orc Burrow
00:37 Altar of Storms
00:50 Barracks
01:19 Orc Burrow
01:40 Voodoo Lounge
02:39 War Mill
03:14 Orc Burrow
04:17 Stronghold
04:37 Watch Tower
04:39 Watch Tower
04:57 Watch Tower
05:52 Orc Burrow
07:04 Beastiary
07:07 Beastiary
07:08 Beastiary
07:29 Watch Tower
07:32 Watch Tower
13:33 Fortress
15:41 Orc Burrow
18:57 Great Hall
19:00 Watch Tower
19:00 Watch Tower
19:01 Watch Tower
19:01 Watch Tower
19:02 Watch Tower
19:03 Watch Tower
19:09 Watch Tower
20:13 Watch Tower
20:19 Watch Tower
22:10 Great Hall
23:10 Watch Tower
23:10 Watch Tower
23:11 Watch Tower
23:11 Watch Tower
23:12 Watch Tower
23:13 Watch Tower
23:14 Watch Tower
23:14 Watch Tower
23:15 Watch Tower
24:28 War Mill
25:01 Spirit Lodge
» items
| Healing Salve | 5 | |
| Scroll of Town Portal | 2 | |
| Potion of Healing | 1 | |
| Orb of Lightning | 5 | |
| Staff of Teleportation | 1 | |
14 total
team 2 (loser)

»
cronicblaze (
green | 26 APM | 783 actions | 30:02)
4 Blademaster
2 Wind Walk
2 Critical Strike
» actions
| Assign group hotkey | 14 | |
| Basic commands | 12 | |
| Build / train | 53 | |
| Enter build submenu | 19 | |
| Enter hero's abilities submenu | 4 | |
| Give item / drop item | 2 | |
| Remove unit from queue | 3 | |
| Right click | 284 | |
| Select / deselect | 221 | |
| Select group hotkey | 114 | |
| Use ability | 57 | |
783 total
» units
| Peon | 9 | |
| Grunt | 4 | |
| Wind Rider | 2 | |
| Tauren | 3 | |
| Shaman | 3 | |
| Raider | 2 | |
23 total
» upgrades
| Melee Weapons | 3 | |
| Armor | 3 | |
| Ranged Weapons | 2 | |
| Spiked Barricades | 0 | |
| Envenomed Spears | 1 | |
| Pulverize | 1 | |
| Shaman Training | 2 | |
| Ensnare | 1 | |
13 total
» buildings
| Orc Burrow | 6 | |
| Altar of Storms | 1 | |
| War Mill | 1 | |
| Barracks | 2 | |
| Voodoo Lounge | 1 | |
| Stronghold | 1 | |
| Great Hall | 2 | |
| Fortress | 1 | |
| Beastiary | 3 | |
| Spirit Lodge | 1 | |
| Tauren Totem | 2 | |
21 total
» build order
00:24 Orc Burrow
00:37 Altar of Storms
01:07 War Mill
01:49 Barracks
01:51 Barracks
02:01 Orc Burrow
03:07 Orc Burrow
04:09 Voodoo Lounge
04:19 Orc Burrow
05:57 Stronghold
07:14 Orc Burrow
09:13 Great Hall
09:43 Fortress
11:23 Beastiary
11:27 Beastiary
11:31 Beastiary
12:14 Spirit Lodge
12:21 Tauren Totem
12:30 Tauren Totem
12:57 Orc Burrow
25:14 Great Hall
» items
| Boots of Speed | 1 | |
| Healing Salve | 3 | |
| Scroll of Speed | 1 | |
| Potion of Healing | 1 | |
| Orb of Lightning | 1 | |
| Scroll of Town Portal | 1 | |
8 total
Black_Knight (
pink | 36 APM | 1158 actions | 32:22)
7 Blademaster
3 Wind Walk
3 Critical Strike
1 Bladestorm
» actions
| Build / train | 66 | |
| Enter build submenu | 20 | |
| Enter hero's abilities submenu | 7 | |
| Remove unit from queue | 2 | |
| Right click | 724 | |
| Select / deselect | 287 | |
| Use ability | 52 | |
1158 total
» units
| Peon | 8 | |
| Troll Headhunter/Berserker | 2 | |
| Grunt | 2 | |
| Wind Rider | 21 | |
| Shaman | 4 | |
37 total
» upgrades
| Ranged Weapons | 3 | |
| Armor | 3 | |
| Envenomed Spears | 1 | |
| Shaman Training | 2 | |
9 total
» buildings
| Altar of Storms | 1 | |
| Orc Burrow | 8 | |
| Barracks | 1 | |
| War Mill | 1 | |
| Stronghold | 1 | |
| Voodoo Lounge | 1 | |
| Fortress | 1 | |
| Beastiary | 2 | |
| Spirit Lodge | 1 | |
| Great Hall | 1 | |
18 total
» build order
00:13 Altar of Storms
00:17 Orc Burrow
00:22 Barracks
02:00 Orc Burrow
02:05 Orc Burrow
02:27 War Mill
03:36 Stronghold
03:41 Voodoo Lounge
03:56 Orc Burrow
05:10 Orc Burrow
06:11 Orc Burrow
06:17 Fortress
06:22 Beastiary
08:36 Orc Burrow
09:00 Beastiary
13:53 Spirit Lodge
15:55 Orc Burrow
17:18 Great Hall
» items
| Lesser Clarity Potion | 1 | |
| Potion of Healing | 3 | |
| Potion of Mana | 1 | |
| Potion of Lesser Invulnerability | 1 | |
| Orb of Fire | 1 | |
| Scroll of Town Portal | 1 | |
8 total

»
FlameLoserion (
purple | 64 APM | 1885 actions | 29:40)
5 Death Knight
2 Death Coil
1 Death Pact
2 Unholy Aura
» actions
| Assign group hotkey | 146 | |
| Basic commands | 125 | |
| Build / train | 66 | |
| ESC pressed | 7 | |
| Enter build submenu | 14 | |
| Enter hero's abilities submenu | 5 | |
| Give item / drop item | 2 | |
| Right click | 741 | |
| Select / deselect | 226 | |
| Select group hotkey | 466 | |
| Use ability | 87 | |
1885 total
» units
| Acolyte | 8 | |
| Ghoul | 4 | |
| Crypt Fiend | 4 | |
| Frost Wyrm | 12 | |
| Gargoyle | 2 | |
30 total
» upgrades
| Creature Attack | 3 | |
| Creature Carapace | 3 | |
| Burrow | 1 | |
| Web | 1 | |
| Freezing Breath | 1 | |
9 total
» buildings
| Ziggurat | 7 | |
| Altar of Darkness | 1 | |
| Crypt | 1 | |
| Tomb of Relics | 1 | |
| Nerubian Tower | 1 | |
| Graveyard | 1 | |
| Halls of the Dead | 2 | |
| Spirit Tower | 4 | |
| Black Citadel | 1 | |
| Sacrificial Pit | 1 | |
| Boneyard | 2 | |
22 total
» build order
00:13 Ziggurat
00:16 Altar of Darkness
00:39 Crypt
01:05 Tomb of Relics
01:10 Nerubian Tower
01:51 Graveyard
01:56 Ziggurat
04:18 Halls of the Dead
04:18 Halls of the Dead
04:42 Ziggurat
05:35 Spirit Tower
05:39 Spirit Tower
06:52 Black Citadel
07:00 Sacrificial Pit
08:48 Ziggurat
11:08 Boneyard
12:01 Boneyard
13:46 Ziggurat
13:46 Ziggurat
14:36 Ziggurat
14:48 Spirit Tower
15:36 Spirit Tower
» items
| Rod of Necromancy | 1 | |
| Dust of Appearance | 1 | |
| Orb of Corruption | 1 | |
| Potion of Healing | 3 | |
| Scroll of Town Portal | 2 | |
| Potion of Mana | 2 | |
10 total
Obliviousness. (
teal | 75 APM | 2731 actions | 36:32)
6 Archmage
3 Summon Water Elemental
2 Brilliance Aura
1 Mass Teleport
» actions
| Assign group hotkey | 54 | |
| Basic commands | 80 | |
| Build / train | 164 | |
| ESC pressed | 14 | |
| Enter build submenu | 63 | |
| Enter hero's abilities submenu | 6 | |
| Give item / drop item | 2 | |
| Right click | 1154 | |
| Select / deselect | 427 | |
| Select group hotkey | 555 | |
| Use ability | 211 | |
2731 total
» units
| Peasant | 20 | |
| Footman | 12 | |
| Gryphon Rider | 11 | |
| Dragonhawk Rider | 4 | |
| Sorceress | 1 | |
48 total
» upgrades
| Defend | 1 | |
| Masonry | 3 | |
| Swords | 3 | |
| Animal War Training | 1 | |
| Lumber Harvesting | 2 | |
| Magic Sentry | 1 | |
| Armor | 3 | |
| Storm Hammers | 1 | |
| Cloud | 1 | |
| Sorceress Training | 1 | |
17 total
» buildings
| Altar of Kings | 1 | |
| Barracks | 1 | |
| Farm | 9 | |
| Scout Tower | 24 | |
| Arcane Tower | 5 | |
| Keep | 5 | |
| Arcane Vault | 2 | |
| Lumber Mill | 2 | |
| Blacksmith | 2 | |
| Castle | 2 | |
| Town Hall | 5 | |
| Guard Tower | 54 | |
| Arcane Sanctum | 1 | |
| Gryphon Aviary | 6 | |
119 total
» build order
00:04 Altar of Kings
00:08 Barracks
00:18 Farm
01:09 Farm
01:38 Scout Tower
02:04 Farm
02:09 Arcane Tower
02:10 Arcane Tower
02:56 Farm
03:40 Keep
03:41 Keep
03:41 Keep
04:39 Arcane Vault
04:43 Lumber Mill
04:52 Blacksmith
06:24 Farm
06:35 Castle
08:45 Town Hall
09:15 Scout Tower
09:16 Scout Tower
09:19 Scout Tower
09:20 Scout Tower
09:42 Town Hall
09:48 Guard Tower
09:48 Guard Tower
10:44 Scout Tower
10:45 Scout Tower
10:49 Scout Tower
10:55 Scout Tower
11:04 Arcane Sanctum
11:17 Guard Tower
11:17 Guard Tower
11:22 Guard Tower
11:22 Guard Tower
11:23 Guard Tower
11:23 Guard Tower
11:43 Scout Tower
11:44 Scout Tower
12:25 Guard Tower
12:43 Lumber Mill
12:45 Guard Tower
12:45 Guard Tower
13:14 Gryphon Aviary
13:22 Gryphon Aviary
13:29 Gryphon Aviary
13:34 Gryphon Aviary
14:56 Farm
19:52 Farm
19:55 Farm
20:09 Farm
21:30 Scout Tower
21:31 Scout Tower
21:32 Scout Tower
21:34 Scout Tower
21:35 Scout Tower
22:00 Guard Tower
22:00 Guard Tower
22:01 Guard Tower
22:02 Guard Tower
22:02 Guard Tower
22:04 Guard Tower
22:04 Guard Tower
22:04 Guard Tower
22:07 Guard Tower
22:08 Guard Tower
22:35 Guard Tower
28:02 Town Hall
29:03 Gryphon Aviary
29:05 Gryphon Aviary
29:09 Arcane Vault
29:18 Scout Tower
29:20 Scout Tower
29:47 Guard Tower
29:50 Guard Tower
29:50 Guard Tower
33:27 Scout Tower
33:28 Scout Tower
33:29 Scout Tower
33:47 Town Hall
33:56 Guard Tower
33:56 Guard Tower
33:56 Guard Tower
33:56 Guard Tower
33:57 Guard Tower
33:57 Guard Tower
34:03 Town Hall
34:21 Scout Tower
34:23 Scout Tower
34:26 Scout Tower
35:16 Guard Tower
35:16 Guard Tower
35:23 Arcane Tower
35:23 Arcane Tower
35:24 Guard Tower
35:24 Guard Tower
35:24 Guard Tower
36:30 Blacksmith
» items
| Staff of Teleportation | 1 | |
| Boots of Speed | 1 | |
| Scroll of Regeneration | 2 | |
| Potion of Healing | 4 | |
| Potion of Lesser Invulnerability | 1 | |
| Lesser Clarity Potion | 1 | |
| Scroll of Town Portal | 3 | |
13 total
Chat log
(00:11 / 10) oyvey: jake be on my team
(00:24 / 10) oyvey: I'm bottom right
(00:26 / All) TOWER-GOD: WHOS A GOOD BOY WHOS A GOOD BOY
(00:28 / All) TOWER-GOD: UR A GOOD BOY
(00:29 / 9) Obliviousness.: bot right
(00:30 / 9) Obliviousness.: same
(00:51 / All) FlameLoserion: WHY DOES EVERYONE VETO HURRICANE ISLE? IT IS THE BEST MAP EVER.
(01:06 / All) Yeah13uddy: i like it too
(01:10 / All) TOWER-GOD: why the hell did u say northshire shouldn't be added god damn
(01:22 / All) FlameLoserion: cause I dont think its a good map -_-
(01:30 / Allies) TOWER-GOD: s
(01:30 / All) Obliviousness.: It's a free win, just mass AA
(01:35 / All) TOWER-GOD: suck it up u know its my favorite map
(01:38 / All) FlameLoserion: like I said, too many taverns in a small area and has unreachable creeps
(02:17 / 9) Obliviousness.: teelo is to the left of me he is UD
(02:36 / All) FlameLoserion: gardens of war was a popular map too, but its really not suited to ladder play
(02:40 / 9) Obliviousness.: He's UD so rape the shit out of him with harass
(03:38 / Allies) Yeah13uddy: fuck u iorange
(03:42 / All) TOWER-GOD: suck my dick yellow
(03:44 / All) TOWER-GOD: u nigger
(03:52 / All) FlameLoserion: NIGGERFAGGOT
(05:30 / 9) Obliviousness.: teelo is straight teching to wyrms
(05:43 / 9) Obliviousness.: he has basically no units
(06:40 / All) TOWER-GOD: wood
(06:59 / 10) oyvey: tjhought I got an error
(08:28 / 9) Obliviousness.: I got bot left expo
(08:59 / All) Obliviousness.: green is a backsatbber gg
(10:42 / Allies) oyvey: yellow kill it
(11:44 / All) TOWER-GOD: u arent expoing there blue
(12:15 / Allies) beerman: you fucking ass
(12:40 / 10) oyvey: bs your team
(12:44 / All) TOWER-GOD: red ur such a fag
(12:47 / 9) Obliviousness.: already?
(12:52 / Allies) beerman: you are
(13:01 / 9) Obliviousness.: let me make my aviaries first, I was hoarding
(13:05 / Allies) oyvey: KILL ORAJNGE NOWE!
(13:09 / Allies) oyvey: YELLOW
(13:12 / Allies) oyvey: KILL ORAJNGE
(13:17 / Allies) beerman: i clear mine he takes it
(13:19 / Allies) oyvey: tell him blue he was attacking uys
(13:28 / Allies) oyvey: yellow kill orange while we can
(13:44 / Allies) oyvey: come blue
(13:50 / 9) Obliviousness.: teelo and jake are complaining. jake is complaining they killed him and teelo says all his acoys died so he can do nothing
(14:11 / 9) Obliviousness.: Jake: WELL CIME DEAD
(14:20 / Allies) oyvey: ORANMGE NOT RED
(14:40 / Allies) oyvey: klill the toers
(15:08 / 9) Obliviousness.: jake is mad as fuck
(15:14 / 10) oyvey: bs your team
(15:33 / 9) Obliviousness.: I will in a sec
(15:45 / 9) Obliviousness.: almost got 8 gryphons then killing greem
(15:59 / Allies) oyvey: we need mroe hippo
(17:05 / 10) oyvey: bs your team
(17:15 / 10) oyvey: your team is too strong
(18:39 / 9) Obliviousness.: Jake is really, really mad
(19:17 / 9) Obliviousness.: you will need to stab
(19:20 / 9) Obliviousness.: save my expo if youc an in time
(19:29 / 10) oyvey: what does your team have
(19:32 / 9) Obliviousness.: nothing
(19:35 / 10) oyvey: i don't have the resources
(19:42 / 10) oyvey: i am trying to secure my own expo
(19:49 / 10) oyvey: blue top right expo
(20:26 / 10) oyvey: out
(20:26 / 10) oyvey: out
(21:03 / Allies) Yeah13uddy: ok lets hit
(21:17 / Allies) beerman: now that ojs gone
(21:22 / 9) Obliviousness.: You will need to do a lot of the work again
(21:27 / 10) oyvey: yeah
(21:30 / 10) oyvey: make sure they can't expand
(21:34 / 10) oyvey: get a sorc
(21:50 / Allies) Yeah13uddy: getting tp 1 sec
(22:03 / Allies) Yeah13uddy: go blue
(22:14 / 10) oyvey: i'm gonna try to take top left expo too
(22:23 / 10) oyvey: yellow is sending to jakes old base
(22:25 / 10) oyvey: and blue rebuilt
(22:28 / 10) oyvey: we are attacking pink
(22:47 / Allies) oyvey: HIT PINK AND GREEN BEFORE TH|EY MASS BVATS
(22:55 / 10) oyvey: they wouldn't listen
(23:27 / 10) oyvey: save your base
(24:05 / 10) oyvey: these dumb faggots
(25:22 / 9) Obliviousness.: green expo bot left
(25:28 / 9) Obliviousness.: save my base if you can
(25:37 / Allies) Yeah13uddy: coming blue
(26:18 / 10) oyvey: yellow jakes old base
(26:21 / Allies) beerman: any x gold
(27:47 / 10) oyvey: what is teelo saying
(27:56 / 9) Obliviousness.: nothing right now, just jake whining at us to leave
(28:07 / 9) Obliviousness.: i got bot left expo don't scvout it
(28:11 / Allies) beerman: i trad wood for gold
(28:12 / 10) oyvey: call jake a fail stabber
(28:20 / 10) oyvey: they saw you go there
(28:23 / 10) oyvey: i have ward in mana fount
(28:28 / 10) oyvey: they see pinks hero
(28:29 / 10) oyvey: all your stuff
(28:41 / 9) Obliviousness.: you will have to help me then I have absolutely nothing else and only 100 gold
(28:57 / Allies) Yeah13uddy: red
(29:36 / 9) Obliviousness.: if they attack my expo help me, ok?
(29:40 / 10) oyvey: k
(29:54 / 9) Obliviousness.: help
(30:14 / 10) oyvey: hit top left
(30:16 / Allies) Yeah13uddy: wtf red
(30:23 / 9) Obliviousness.: I have nothing, you let my expo die
(30:29 / 9) Obliviousness.: and my t3 hall
(31:12 / 9) Obliviousness.: your shitty ward might have lostu s the stab
(31:22 / 10) oyvey: i'm killing my ward there
(32:18 / 9) Obliviousness.: killed pink's bm too
(32:23 / 10) oyvey: i saw lawl
(32:48 / 9) Obliviousness.: gonna try to take top right expo
(32:55 / Allies) Yeah13uddy: dont really undesrtand the purpose but u go ahead redif that helps u
(32:59 / 10) oyvey: yellow hero is in mid
(33:04 / 10) oyvey: heading south
(33:10 / 9) Obliviousness.: do you have this all under control?
(33:21 / All) oyvey: Team Quezalcoatl wins again, bitch
(33:22 / Allies) Yeah13uddy: here kill me if that helps u feel good
(33:50 / All) oyvey: no acos to unsummon
(34:27 / 10) oyvey: did yo ucall jake a fail stabber
(34:32 / 9) Obliviousness.: yes multiple times
(34:40 / 10) oyvey: what did he say
(34:57 / 9) Obliviousness.: no reaction to it
(35:06 / 10) oyvey: what did he say about red
(35:14 / 9) Obliviousness.: didn't mention you, just yellow
(35:18 / 10) oyvey: lawl
(35:22 / 10) oyvey: I orchestrated the attack on him
(35:29 / 10) oyvey: what did he say about yellow
(35:39 / 9) Obliviousness.: that he's going chim and your team has too big an army, etc
(36:00 / 10) oyvey: it did seem large but pink and green are retards
(36:06 / 10) oyvey: if they got bats they'd clubber us
(36:17 / 9) Obliviousness.: jake is saying I could have just said I was dominated and did great, he doesn't believe I 1v4ed this
(36:21 / 10) oyvey: i only had 5 bats that laid waste msot their wyvs
(36:21 / 9) Obliviousness.: the armies died before you left
(36:32 / 10) oyvey: shit!